 Dungeon Crawl Stone Soup version 0.26-a0-597-gb535b0901c (webtiles) character file.

Game seed: 14659841529038849307

320 Tribe the Insei (level 6, -2/41 HPs)
             Began as an Octopode Transmuter on Aug 27, 2020.
             Was a Follower of Cheibriados.
             Slain by an orc wizard
             ... wielding a +0 dagger
              (3 damage)
             ... on level 5 of the Dungeon.
             The game lasted 00:15:15 (3907 turns).

Tribe the Insei (Octopode Transmuter)               Turns: 3907, Time: 00:15:17

Health: -2/41      AC:  1    Str: 18    XL:     6   Next: 46%
Magic:  10/10      EV: 14    Int: 19    God:    Cheibriados [*.....]
Gold:   221        SH:  0    Dex: 14    Spells: 7/11 levels left

rFire    . . .     SeeInvis .     - Unarmed
rCold    + . .     Faith    .   (no shield)
rNeg     . . .     Spirit   .   (helmet currently unavailable)
rPois    .         Reflect  .   n - amulet of the acrobat
rElec    .         Harm     .   h - +6 ring of strength
rCorr    .                      j - ring of attention (curse)
MR       .....                  l - ring of protection from cold
Stlth    +++.......             m - ring of stealth
HPRegen  0.13/turn              s - ring of stealth
MPRegen  0.12/turn              (no ring)
                                (no ring)
                                (no ring)

@: confused, appendages (expiring), flying, very slow
A: almost no armour, stealthy swim, amphibious, 8 rings, constrict 8, tentacle
spike 3, camouflage 1, gelatinous body 1
a: End Transformation, Bend Time, Renounce Religion


You were on level 5 of the Dungeon.
You worshipped Cheibriados.
Cheibriados was aware of your devotion.
One of your tentacles had a temporary spike.
You visited 1 branch of the dungeon, and saw 5 of its levels.

You collected 221 gold pieces.

Inventory:

Jewellery
 h - a +6 ring of strength (left tentacle)
 j - a cursed ring of attention (right tentacle)
 l - a ring of protection from cold (on tentacle)
 m - a ring of stealth (on tentacle)
 n - an amulet of the acrobat (around mantle)
 s - a ring of stealth (on tentacle)
Scrolls
 a - a scroll of fear {unknown}
 c - a scroll of amnesia {unknown}
 g - 3 scrolls of remove curse {unknown}
 i - a scroll of blinking
 k - a scroll of fog {unknown}
 q - a scroll of noise {unknown}
Potions
 b - a potion of flight
 e - 2 potions of lignification {unknown}
 o - 2 potions of cancellation
 r - 3 potions of curing {unknown}
 t - a potion of might {unknown}


   Skills:
 + Level 2.6 Fighting
 + Level 3.3 Dodging
 + Level 2.5 Stealth
 + Level 4.1 Unarmed Combat
 + Level 3.0 Spellcasting
 + Level 3.2 Transmutations


You had 7 spell levels left.
You knew the following spells:

 Your Spells              Type           Power        Failure   Level
a - Beastly Appendage     Tmut           ###...       4%          1
b - Spider Form           Tmut/Pois      #.........   24%         3

Your spell library contained the following spells:

 Spells                   Type           Power        Failure   Level
 Wereblood                Tmut           ###.....     6%          2
 Passwall                 Tmut/Erth      #.......     12%         2
 Sandblast                Erth           #.....       16%         1
 Stone Arrow              Conj/Erth      #.....       41%         3
 Ice Form                 Ice/Tmut       #.......     61%         4
 Petrify                  Tmut/Erth      #.......     61%         4
 Blade Hands              Tmut           ###.......   73%         5
 Lee's Rapid Deconstruct  Erth           #.........   99%         5


Dungeon Overview and Level Annotations

Branches:
Dungeon (5/15)
 Temple: D:4-7

Altars:
Cheibriados
Makhleb
Trog
Wu Jian
Zin


Innate Abilities, Weirdness & Mutations

You cannot wear most types of armour.
You are very stealthy in the water. (Stealth+)
You are amphibious.
You can wear up to eight rings at the same time.
You can use your tentacles to constrict eight enemies at once.
Your skin changes colour to match your surroundings (Stealth+).
Your rubbery body absorbs attacks. (AC +1, EV +1)
One of your tentacles bears a large vicious spike.


Message History

Something hits you.
You closely miss the orc wizard.
The orc wizard is lightly wounded.
The orc wizard hits you with a +0 dagger.
Something hits you.
The orc wizard hits you with a +0 dagger.
You bump into the rock wall.
The orc wizard casts a spell at you. The magic dart hits you!
* * * LOW HITPOINT WARNING * * *
Something hits you.
* * * LOW HITPOINT WARNING * * *
You're too confused!
It was a potion of flight.
You feel very buoyant.
You fly up into the air.
The orc wizard hits you with a +0 dagger.
* * * LOW HITPOINT WARNING * * *
Something hits you.
You die...

#......#.#.#
#####.....###..####
#........##
##....###
#.###...## ##.....#
#.###....##
##.##.#.#
##.........###††#
.....
#...........#†#.#
#.# #
#...########o##...
... #...# #@#####.#
#.. #...# #{# .> #.
#...# #o# ## #...#
#a# #.... #o#
#..##. #.# #..# .
#.# #..# # #.. .###


You could see a worker ant, 2 orc wizards and an orc.

Vanquished Creatures
  An ice beast (D:5)
  A centaur zombie (D:5)
  2 centaur skeletons (D:4)
  An iguana (D:4)
  A worker ant (D:4)
  An adder (D:4)
  3 worms
  5 dart slugs
  A leopard gecko (D:4)
  An orc (D:3)
  8 bats
  4 giant cockroaches
  6 goblins
  3 hobgoblins
  10 jackals
  5 kobolds
  A quokka (D:3)
  7 frilled lizards
  A quokka zombie (D:4)
  6 rats
68 creatures vanquished.

Vanquished Creatures (others)
  A wizard (D:4)
1 creature vanquished.

Grand Total: 69 creatures vanquished

Notes
Turn   | Place    | Note
-------+----------+-------------------------------------------
     0 | D:1      | Tribe the Octopode Transmuter began the quest for the Orb.
     0 | D:1      | Reached XP level 1. HP: 13/13 MP: 3/3
    53 | D:1      | Reached XP level 2. HP: 11/18 MP: 5/5
   327 | D:1      | Reached XP level 3. HP: 23/23 MP: 6/6
   756 | D:2      | Found a snail-covered altar of Cheibriados.
   763 | D:2      | Became a worshipper of Cheibriados the Contemplative
  1540 | D:2      | Learned a level 3 spell: Spider Form
  1714 | D:3      | Reached XP level 4. HP: 29/29 MP: 7/7
  2031 | D:3      | Found a burning altar of Makhleb.
  2036 | D:3      | Found a glowing silver altar of Zin.
  2036 | D:3      | Noticed an angel
  2113 | D:3      | Noticed a cacodemon
  2210 | D:3      | Found an ornate altar of the Wu Jian Council.
  2766 | D:4      | Reached * piety under Cheibriados
  2820 | D:4      | Reached skill level 1 in Stealth
  2820 | D:4      | Reached XP level 5. HP: 30/34 MP: 6/8
  3323 | D:4      | Found a bloodstained altar of Trog.
  3324 | D:4      | Noticed a wizard
  3328 | D:4      | Killed a wizard
  3442 | D:5      | Entered Level 5 of the Dungeon
  3450 | D:5      | Reached XP level 6. HP: 30/41 MP: 8/10
  3535 | D:5      | Noticed an ice beast
  3664 | D:5      | Killed an ice beast
  3664 | D:5      | Reached skill level 4 in Unarmed Combat
  3907 | D:5      | HP: 1/41 [orc wizard/+0 dagger (2)]
  3907 | D:5      | Slain by an orc wizard

Illustrated notes

Levels and vault maps discovered:
D:1:      lemuel_arrival_behind_the_door_small, layout_rooms, minmay_tripent
D:2:      layout_loops_ring, lemuel_round_altar
D:3:      layout_basic, grunt_temple_overflow_order_and_chaos_2,
          lemuel_doored_altar, minmay_misc_feat_ornament
D:4:      layout_rooms, trog_wizard
D:5:      layout_loops_ring, nemelex_xobeh_ov_fountains_minmay, temple_hall,
          portal_sewer_entry_d, uniq_menkaure, uniq_duvessa, uniq_grinder,
          uniq_crazy_yiuf_cottage

Skill      XL: |  1  2  3  4  5  6 |
---------------+-------------------+-----
Fighting       | 2 |  2.6
Stealth        | 1 2 |  2.5
Dodging        | 3 |  3.3
Transmutations | 3 |  3.2
Unarmed Combat | 4 |  4.1
Spellcasting   | 3 |  3.0

Action                   |  1- 3 |  4- 6 || total
-------------------------+-------+-------++-------
Melee: Unarmed           |   100 |    85 ||   185
       Constrict         |    27 |    14 ||    41
       Tentacles         |    12 |    10 ||    22
       Kick              |     9 |    16 ||    25
       Punch             |     3 |     3 ||     6
 Cast: Beastly Appendage |    11 |     9 ||    20
       Spider Form       |       |     1 ||     1
Invok: Bend Time         |       |     1 ||     1
  Use: Scroll            |       |     7 ||     7
       Potion            |       |     2 ||     2
 Stab: Sleeping          |     5 |     5 ||    10
Armor: Skin              |    16 |     7 ||    23
Dodge: Dodged            |    89 |    59 ||   148

Table legend: (Time is in decaauts)
 A = Elapsed time spent in this place.
 B = Non-inter-level travel time spent in this place.
 C = Inter-level travel time spent in this place.
 D = Time resting spent in this place.
 E = Time spent auto-exploring this place.
 F = Levels seen in this place.
 G = Mean time per level.
                   A        B        C        D        E       F      G
               +--------+--------+--------+--------+--------+-----+--------+
         Total |   4525 |   4397 |    128 |   1005 |   2661 |   5 |  905.0 |
       Dungeon |   4525 |   4397 |    128 |   1005 |   2661 |   5 |  905.0 |
               +--------+--------+--------+--------+--------+-----+--------+

Top non-repeatable levels by time:
     D:3: 1428 daAuts
     D:2: 999 daAuts
     D:4: 887 daAuts
     D:1: 713 daAuts
     D:5: 496 daAuts
